 Dungeon Crawl Stone Soup version 0.28.0-49-g6dfe1f597d (webtiles) character file.

Game seed: 18836517244048080

7298 Zeld the Cleaver (level 10, -17/97 HPs)
             Began as a Minotaur Berserker on May 11, 2022.
             Was an Elder of Trog.
             Shot with an arrow by a centaur warrior (22 damage)
             ... on level 9 of the Dungeon.
             The game lasted 00:11:45 (14018 turns).

Zeld the Cleaver (Minotaur Berserker)              Turns: 14018, Time: 00:11:45

Health: -17/97     AC:  9    Str: 27    XL:     10   Next: 89%
Magic:  9/9        EV: 14    Int:  4    God:    Trog [****..]
Gold:   283        SH:  0    Dex:  9    Spells: 9/9 levels left

rFire   . . .      SeeInvis .   A - +2 hand axe (flame)
rCold   . . .      Faith    .   (no shield)
rNeg    . . .      Spirit   .   b - +0 animal skin
rPois   .          Reflect  .   (helmet restricted)
rElec   .          Harm     .   N - +2 cloak
rCorr   +          Rampage  .   q - +0 pair of gloves
Will    ++...                   H - +1 pair of boots
Stlth   +.........              (no amulet)
HPRegen 1.26/turn               L - ring of resist corrosion
MPRegen 0.11/turn               (no ring)

@: strong-willed, regenerating
A: horns 2, retaliatory headbutt
a: Renounce Religion, Berserk, Trog's Hand, Brothers in Arms


You were on level 9 of the Dungeon.
You worshipped Trog.
Trog was greatly pleased with you.
You visited 2 branches of the dungeon, and saw 10 of its levels.
You also visited: Sewer.

You collected 391 gold pieces.
You spent 108 gold pieces at shops.

Inventory:

Hand Weapons
 a - a +4 hand axe of freezing
 A - a +2 hand axe of flaming (weapon)
 O - a +0 battleaxe
Armour
 b - a +0 animal skin (worn)
 q - a +0 pair of gloves (worn)
 H - a +1 pair of boots (worn)
 N - a +2 cloak (worn)
Jewellery
 J - a ring of protection from fire
 L - a ring of resist corrosion (left hand)
Wands
 s - a wand of charming (11)
 t - a wand of flame (68)
 y - a wand of mindburst (14)
 K - a wand of iceblast (8)
 M - a wand of acid (3)
Scrolls
 c - 2 scrolls of silence {unknown}
 f - 6 scrolls of teleportation {unknown}
 i - 2 scrolls of fear {unknown}
 j - 2 scrolls of immolation {unknown}
 l - 3 scrolls of enchant weapon {unknown}
 p - a scroll of summoning {unknown}
 r - 3 scrolls of magic mapping {unknown}
 w - a scroll of blinking {unknown}
 z - 4 scrolls of identify {unknown}
 B - 2 scrolls of noise {unknown}
 D - a scroll of amnesia {unknown}
 G - a scroll of acquirement {unknown}
 I - a scroll of brand weapon {unknown}
Potions
 d - 2 potions of mutation {unknown}
 e - a potion of resistance {unknown}
 g - 3 potions of heal wounds
 h - 2 potions of might {unknown}
 k - 2 potions of berserk rage {unknown}
 m - a potion of curing {unknown}
 n - a potion of cancellation {unknown}
 o - 2 potions of magic {unknown}
 u - 2 potions of flight {unknown}
 v - 3 potions of attraction {unknown}
 x - 3 potions of haste {unknown}
 C - a potion of invisibility {unknown}
 E - a potion of lignification {unknown}
 F - a potion of brilliance {unknown}


   Skills:
 * Level 12.2 Fighting
 * Level 12.2 Axes
 + Level 8.5 Armour
 + Level 7.8 Dodging


You had 9 spell levels left.
You didn't know any spells.
Your spell library was empty.

Dungeon Overview and Level Annotations

Branches:
Dungeon (9/15)             Temple (1/1) D:4            Lair (0/6) D:9
  Sewer (visited)
    Orc: D:9-12

Altars:
Ashenzari
Cheibriados
Dithmenos
Elyvilon
Fedhas
Gozag
Hepliaklqana
Kikubaaqudgha
Makhleb
Nemelex Xobeh
Okawaru
Qazlal
Ru
Sif Muna
Trog
Uskayaw
Vehumet
Wu Jian
Xom
Yredelemnul
Zin
The Shining One

Shops:
D:7 *


Innate Abilities, Weirdness & Mutations

You have a pair of horns on your head.
You reflexively headbutt those who attack you in melee.


Message History

You headbutt the killer bee!
You feel sick. The killer bee stings you.
You feel sick. The killer bee stings you.
You feel sick.
The killer bee stings you but does no damage.
You feel sick.
You are no longer poisoned.
The killer bee barely misses you. The killer bee stings you.
The killer bee stings you.
You are poisoned.
The killer bee poisons you!
You feel sick.
The killer bee stings you but does no damage.
You feel sick. The killer bee misses you.
You feel sick. The killer bee stings you.
You feel sick. The killer bee barely misses you. The killer bee stings you.
You are more poisoned.
The killer bee poisons you!
You feel sick.
You feel sick.
The centaur warrior shoots an arrow.
The arrow hits you!
* * * LOW HITPOINT WARNING * * *
You feel sick.
The centaur warrior shoots an arrow.
The arrow hits you.
* * * LOW HITPOINT WARNING * * *
You feel sick.
You feel sick.
The centaur warrior shoots an arrow.
The arrow barely misses you.
Okay, then.
You feel sick.
The centaur warrior shoots an arrow.
The arrow hits you!
* * * LOW HITPOINT WARNING * * *
Your skin crawls.
You feel strong-willed. Trog will no longer gift you weapons.
You feel sick.
Unknown command.
Your ogre goes berserk!
You feel sick.
You are no longer poisoned.
The centaur warrior shoots an arrow.
The arrow hits you!!
You die...

#.####
#..########.
#.#
#...........
#C#
##.#########
#.#
########.#
#y#
#....>...#
#.#
#.########
#.# #O#
##.## #.#
##.#.###@#
#.###yc..#
##.#.#####
##.## ###


You could see a centaur warrior (ally target), a killer bee and a friendly ogre
(summoned, berserk).

Vanquished Creatures
  A boulder beetle (D:9)
  A two-headed ogre (D:8)
  Grinder (D:4)
  A wraith (D:9)
  8 yaks
  A wyvern (D:6)
  An acid dragon (D:8)
  2 water moccasins
  An orc warrior (D:9)
  A black bear (D:5)
  3 necrophages
  5 centaurs (D:9)
  2 ogres (D:6)
  3 phantoms
  2 kobold brigands (D:9)
  4 bullfrogs
  2 gnoll sergeants
  A wyvern zombie (D:7)
  3 scorpions
  10 killer bees
  17 wights
  3 howler monkeys
  A bullfrog zombie (D:5)
  A centaur zombie (D:9)
  A centaur skeleton (D:6)
  2 orc priests (D:9)
  A hound (D:7)
  A jelly (D:5)
  8 orc wizards
  A bullfrog skeleton (D:6)
  A scorpion zombie (D:5)
  A killer bee zombie (D:7)
  A howler monkey zombie (D:8)
  11 gnolls
  18 adders
  4 river rats
  An adder zombie (D:5)
  An adder skeleton (D:4)
  A worm (D:2)
  4 dart slugs
  17 orcs
  16 ball pythons
  6 bats
  6 endoplasms
  7 giant cockroaches
  9 goblins
  6 hobgoblins
  2 jackals (D:3)
  15 kobolds
  5 quokkas
  2 frilled lizards (Sewer)
  27 rats
250 creatures vanquished.

Vanquished Creatures (others)
  4 plants (D:6)
4 creatures vanquished.

Grand Total: 254 creatures vanquished

Notes
Turn   | Place    | Note
-------+----------+-------------------------------------------
     0 | D:1      | Zeld the Minotaur Berserker began the quest for the Orb.
     0 | D:1      | Reached XP level 1. HP: 19/19 MP: 0/0
   307 | D:1      | Reached XP level 2. HP: 17/27 MP: 1/1
  1295 | D:2      | Reached XP level 3. HP: 33/33 MP: 2/2
  1741 | D:2      | Reached XP level 4. HP: 41/41 MP: 3/3
  1909 | D:2      | Found a faded altar of an unknown god.
  1934 | D:2      | Reached ** piety under Trog
  2697 | D:3      | Reached skill level 5 in Fighting
  2700 | D:3      | Reached skill level 5 in Axes
  2700 | D:3      | Reached XP level 5. HP: 34/48 MP: 4/4
  2714 | D:3      | Found a glowing drain.
  2722 | Sewer    | Entered a sewer
  2965 | Sewer    | Reached *** piety under Trog
  3420 | Sewer    | Reached XP level 6. HP: 43/57 MP: 5/5
  3838 | D:3      | Found a sparkling altar of Nemelex Xobeh.
  4352 | D:4      | Found a staircase to the Ecumenical Temple.
  4407 | Temple   | Entered the Ecumenical Temple
  4689 | D:4      | Found a hazy altar of Hepliaklqana.
  4823 | D:4      | Reached XP level 7. HP: 49/64 MP: 6/6
  4919 | D:4      | Noticed Grinder
  4938 | D:4      | Killed Grinder
  5623 | D:5      | Entered Level 5 of the Dungeon
  6252 | D:5      | Reached skill level 5 in Armour
  6439 | D:5      | Reached XP level 8. HP: 72/73 MP: 7/7
  7599 | D:6      | Reached skill level 5 in Dodging
  7900 | D:6      | Found a blossoming altar of Fedhas.
  8437 | D:7      | Found Kyhon's Mayhem Merchandise.
  8442 | D:7      | Reached XP level 9. HP: 79/83 MP: 8/8
  8475 | D:7      | Bought a wand of iceblast (5) for 108 gold pieces
  8631 | D:7      | Found a bloodstained altar of Trog.
 10720 | D:8      | Reached skill level 10 in Fighting
 10720 | D:8      | Reached skill level 10 in Axes
 10918 | D:8      | Reached **** piety under Trog
 11529 | D:8      | Reached XP level 10. HP: 74/93 MP: 9/9
 11798 | D:8      | Noticed a two-headed ogre
 11804 | D:8      | Killed a two-headed ogre
 12259 | D:9      | Noticed a boulder beetle
 12294 | D:9      | Killed a boulder beetle
 12650 | D:9      | Identified the -2 helmet of Omission {Slay+3}
 13642 | D:9      | Found a staircase to the Lair.
 13756 | D:9      | Reached ***** piety under Trog
 13950 | D:9      | Noticed a six-headed hydra
 13950 | D:9      | Noticed a centaur warrior
 13950 | D:9      | Noticed a fire giant
 13950 | D:9      | Noticed a boulder beetle
 14016 | D:9      | HP: 4/97 [centaur warrior/arrow (11)]
 14018 | D:9      | Shot with an arrow by a centaur warrior

Illustrated notes

Levels and vault maps discovered:
D:1:      lemuel_arrival_room, layout_basic
D:2:      layout_rooms, basic_ecumenical_altar, minmay_misc_feat_cross
D:3:      layout_loops_ring, nemelex_spade_bored_becter,
          gup_sewer_entry_bubbles, minivault_25
D:4:      layout_loops_ring, mainiacjoe_overflow_24_doors,
          minmay_temple_entry_trees, serial_co_window_serial,
          co_window_corner_a, co_window_paths_b, co_window_of_opportunity_a,
          co_window_paths_a, co_window_paths_b, co_window_of_opportunity_b,
          co_window_broadway_a, co_window_unsneaky_path_b, glass_columns_b,
          glass_columns_a, nrook_loot_triangle, minmay_misc_feat_tower,
          minivault_14, uniq_grinder
D:5:      layout_basic
D:6:      layout_loops_ring, fedhas_altar_1, st_stairs_2, serial_bayou_pond_c
D:7:      layout_loops_corners, mainiacjoe_overflow_brackets,
          minmay_shop_mayhem, corexii_checkpoint_b
D:8:      layout_loops_corners
D:9:      layout_loops_ring, lair_entry_dummy, wad_scary_box
Temple:   dpeg_five_rooms_temple

Skill      XL: |  1  2  3  4  5  6  7  8  9 10 |
---------------+-------------------------------+-----
Fighting       | 4 5 6 7 9 10 12 | 12.2
Axes           | 4 5 6 7 9 10 12 | 12.2
Armour         | 3 4 5 6 7 8 |  8.5
Dodging        | 3 4 5 6 7 |  7.8

Action                   |  1- 3 |  4- 6 |  7- 9 | 10-12 || total
-------------------------+-------+-------+-------+-------++-------
Melee: Hand axe          |    54 |   180 |   251 |   184 ||   669
       Headbutt          |    10 |    19 |    50 |    43 ||   122
       Punch             |     1 |     1 |     7 |     2 ||    11
Invok: Berserk           |     2 |     1 |     6 |     2 ||    11
       Trog's Hand       |       |       |     3 |     2 ||     5
       Brothers in Arms  |       |       |       |     1 ||     1
Evoke: Wand              |       |       |     3 |     3 ||     6
 Stab: Distracted        |       |     1 |       |       ||     1
       Paralysed         |       |       |       |    11 ||    11
Armor: Animal skin       |    12 |    59 |    30 |    59 ||   160
Dodge: Dodged            |    36 |   113 |   136 |   103 ||   388
